 Dungeon Crawl Stone Soup version 0.30-a0-802-gb92711bcdf (webtiles) character file.

Game seed: 3134464052852029924

16 Newt the Ducker (level 2, -1/23 HPs)
             Began as a Demonspawn Gladiator on Feb 24, 2023.
             Slain by a hobgoblin (4 damage)
             ... led by Robin
             ... on level 2 of the Dungeon.
             The game lasted 00:00:50 (681 turns).

Newt the Ducker (Demonspawn Gladiator)               Turns: 681, Time: 00:00:51

Health: -1/23      AC:  5    Str: 14    XL:     2   Next: 37%
Magic:  2/2        EV: 12    Int:  9    God:
Gold:   11         SH:  0    Dex: 14    Spells: 1/1 levels left

rFire   . . .      SeeInvis .    a - +0 rapier
rCold   . . .      Faith    .    (no shield)
rNeg    . . .      Spirit   .    b - +0 leather armour
rPois   .          Reflect  .    c - +0 helmet
rElec   .          Harm     .    (no cloak)
rCorr   .          Rampage  .    j - +0 pair of gloves
Will    .....                    (no boots)
Stlth   ++                       (no amulet)
HPRegen 0.23/turn                (no ring)
MPRegen 0.08/turn                (no ring)

@: brilliant
A: claws 1
a: no special abilities


You were on level 2 of the Dungeon.
You visited 1 branch of the dungeon, and saw 2 of its levels.

You collected 11 gold pieces.

Inventory:

Hand Weapons
 a - a +0 rapier (weapon)
Missiles
 d - 2 throwing nets (quivered)
Armour
 b - a +0 leather armour (worn)
 c - a +0 helmet (worn)
 j - a +0 pair of gloves (worn)
Potions
 f - a potion of curing {unknown}
 g - a potion of brilliance


   Skills:
 * Level 2.4 Fighting
 - Level 2.6 Short Blades
 - Level 1.7 Throwing
 - Level 2.6 Dodging
 - Level 1.5 Stealth


You had one spell level left.
You didn't know any spells.
Your spell library was empty.

Dungeon Overview and Level Annotations

Branches:
Dungeon (2/15)

Altars:

Annotations:
D:2 Robin


Innate Abilities, Weirdness & Mutations

You have sharp fingernails.


Message History

You hit the hobgoblin.
The hobgoblin is moderately wounded.
The goblin no longer looks unusually strong.
The goblin barely misses you. The hobgoblin closely misses you.
The goblin hits you with a +0 club.
You hit the hobgoblin but do no damage.
The hobgoblin is moderately wounded.
The hobgoblin no longer looks unusually strong.
The goblin misses you. The goblin hits you but does no damage.
The hobgoblin closely misses you.
You barely miss the hobgoblin.
The hobgoblin is moderately wounded.
The goblin no longer looks unusually strong.
The goblin hits you but does no damage. The hobgoblin barely misses you.
The goblin closely misses you.
You hit the hobgoblin but do no damage.
The hobgoblin is moderately wounded.
The goblin hits you with a +0 dagger. The hobgoblin closely misses you.
The goblin misses you.
You hit the hobgoblin but do no damage.
The hobgoblin is moderately wounded.
The hobgoblin hits you.
* * * LOW HITPOINT WARNING * * *
The goblin barely misses you. The goblin hits you with a +0 club.
* * * LOW HITPOINT WARNING * * *
You hit the hobgoblin but do no damage.
The hobgoblin is moderately wounded.
The goblin hits you but does no damage. The hobgoblin hits you.
* * * LOW HITPOINT WARNING * * *
Robin roars a battlecry!
The goblins go into a battle-frenzy!
The goblin hits you but does no damage.
You hear a shout! x2
It was a potion of brilliance.
You feel clever all of a sudden.
You hear a shout!
A goblin comes into view. It is wielding a +0 dagger.
The goblin misses you. The goblin hits you but does no damage.
The hobgoblin hits you.
You die...

..,*
*,,,.g.......#
..,*
#....?.......#
..,*
#(.....g..g..#
..,*
#..g..gg.....#
..,*
#............#
..,*
#...?........#
..,*
*..g.........#
..,*
**#g#######'##
..,*
#g@g.....(#
##**
###########


You could see Robin, a hobgoblin and 3 goblins.

Vanquished Creatures
  A dart slug (D:2)
  An endoplasm (D:1)
  2 goblins (D:2)
  3 hobgoblins
  A quokka (D:1)
  A ball python (D:1)
  2 kobolds
  A rat (D:2)
12 creatures vanquished.

Notes
Turn   | Place    | Note
-------+----------+-------------------------------------------
     0 | D:1      | Newt the Demonspawn Gladiator began the quest for the Orb.
     0 | D:1      | Reached XP level 1. HP: 16/16 MP: 1/1
   391 | D:1      | Reached skill level 1 in Stealth
   635 | D:2      | Gained mutation: You have sharp fingernails. [demonic
                  | ancestry]
   635 | D:2      | Reached XP level 2. HP: 20/22 MP: 2/2
   658 | D:2      | Noticed Robin
   681 | D:2      | Slain by a hobgoblin

Illustrated notes

Levels and vault maps discovered:
D:1:      lightli_molten_gateway, layout_rooms, serial_glass, glass_columns_b,
          glass_columns_a
D:2:      layout_basic, minmay_misc_feat_pillars, dk_vineyard_3,
          ebering_dispersal_statue_hall, minmay_misc_feat_iff, minmay_ruptured,
          uniq_robin, uniq_terence

Skill      XL: |  1 |
---------------+----+-----
Stealth        | 1 |  1.5
Fighting       | |  2.4
Short Blades   | |  2.6
Throwing       | |  1.7
Dodging        | |  2.6

Action                     || total
---------------------------++-------
  Melee: Rapier            ||    54
         Punch             ||     1
  Throw: Javelin           ||     1
         Throwing net      ||     1
    Use: Scroll            ||     2
         Potion            ||     1
 Armour: Leather armour    ||    22
  Dodge: Dodged            ||    52

Table legend: (Time is in decaauts)
 A = Elapsed time spent in this place.
 B = Non-inter-level travel time spent in this place.
 C = Inter-level travel time spent in this place.
 D = Time resting spent in this place.
 E = Time spent auto-exploring this place.
 F = Levels seen in this place.
 G = Mean time per level.
                   A        B        C        D        E       F      G
               +--------+--------+--------+--------+--------+-----+--------+
         Total |    685 |    600 |     85 |    133 |    343 |   2 |  342.5 |
       Dungeon |    685 |    600 |     85 |    133 |    343 |   2 |  342.5 |
               +--------+--------+--------+--------+--------+-----+--------+

Top non-repeatable levels by time:
     D:1: 622 daAuts
     D:2: 63 daAuts
